 Dungeon Crawl Stone Soup version 0.26-a0-651-gb41185065b (webtiles) character file.

Game seed: 17943443874938917945

46 Lanoc the Skirmisher (level 3, 0/33 HPs)
             Began as a Hill Orc Abyssal Knight on Oct 31, 2020.
             Was an Initiate of Lugonu.
             Slain by an adder (5 damage)
             ... on level 3 of the Dungeon.
             The game lasted 00:00:43 (400 turns).

Lanoc the Skirmisher (Hill Orc Abyssal Knight)       Turns: 400, Time: 00:00:44

Health: 0/33       AC:  3    Str: 14    XL:     3   Next: 66%
Magic:  14/14      EV: 11    Int: 12    God:    Lugonu [......]
Gold:   0          SH:  0    Dex: 11    Spells: 2/2 levels left

rFire    . . .     SeeInvis .   a - +1 hand axe
rCold    . . .     Faith    .   (no shield)
rNeg     . . .     Spirit   .   b - +0 leather armour
rPois    .         Reflect  .   (no helmet)
rElec    .         Harm     .   (no cloak)
rCorr    .         Rampage  .   (no gloves)
MR       .....                  (no boots)
Stlth    +.........             (no amulet)
HPRegen  0.11/turn              c - ring of magical power
MPRegen  0.14/turn              (no ring)

@: mighty
A: no striking features
a: Renounce Religion


You were on level 3 of the Dungeon.
You worshipped Lugonu.
Lugonu was noncommittal.
You visited 1 branch of the dungeon, and saw 3 of its levels.
You visited the Abyss 1 time.

Inventory:

Hand Weapons
 a - a +1 hand axe (weapon)
Armour
 b - a +0 leather armour (worn)
Jewellery
 c - a ring of magical power (left hand)
Scrolls
 e - a scroll of immolation {unknown}


   Skills:
 + Level 4.0 Fighting
 * Level 3.7 Axes
 + Level 2.5 Armour
 + Level 1.2 Dodging
 + Level 3.0 Invocations


You had 2 spell levels left.
You didn't know any spells.
Your spell library was empty.

Dungeon Overview and Level Annotations

Branches:
Dungeon (3/15)

Altars:

Annotations:
D:3 Terence


Message History

You barely miss the adder. You hit the orc. The orc hits you with a +0 whip.
The adder bites you.
Terence the Incautious comes into view.
He is wielding a +0 mace and carrying a wand of polymorph (9).
The orc hits you with a +0 mace.
You completely miss the orc.
The orc is almost dead.
Terence shouts!
You hit the adder. You barely miss the orc. The adder bites you.
The orc hits you but does no damage.
An orc wizard comes into view. It is wielding a +0 dagger.
The orc throws a boomerang.
The boomerang hits you.
The weapon returns to the orc!
The adder bites you.
* * * LOW HITPOINT WARNING * * *
It was a potion of might.
You feel very mighty all of a sudden. The orc hits you with a +0 whip.
* * * LOW HITPOINT WARNING * * *
An orc comes into view.
The adder bites you.
You die...

.........#### #.#.#
.........# #...##
.........# ##...#
###......#########.#.###
#.####................
#..############## #..#
###.####..# ..@...S@o##
#..##+#.o# #o..# #...#
#...o .....o ...#...
...#....


You could see Terence, an orc wizard, an adder and 4 orcs.

Vanquished Creatures
  Jessica (D:3)
  An adder (D:2)
  An ooze (D:3)
  A leopard gecko (D:3)
  A kobold (D:2)
  A quokka (D:2)
  2 rats
8 creatures vanquished.

Vanquished Creatures (others)
  A plant (D:3)
1 creature vanquished.

Grand Total: 9 creatures vanquished

Notes
Turn   | Place    | Note
-------+----------+-------------------------------------------
     0 | Abyss:1  | Lanoc the Hill Orc Abyssal Knight began the quest for the
                  | Orb.
     0 | Abyss:1  | Reached XP level 1. HP: 19/19 MP: 2/2
    38 | Abyss:1  | Found a corrupted altar of Lugonu.
    97 | Abyss:1  | Noticed a ynoxinul
    99 | D:1      | Escaped the Abyss
   203 | D:2      | Reached skill level 1 in Dodging
   203 | D:2      | Reached XP level 2. HP: 27/27 MP: 4/4
   389 | D:3      | Noticed Jessica
   394 | D:3      | Killed Jessica
   394 | D:3      | Reached skill level 4 in Fighting
   394 | D:3      | Reached XP level 3. HP: 27/33 MP: 5/5
   398 | D:3      | Noticed Terence
   400 | D:3      | Slain by an adder

Illustrated notes

Levels and vault maps discovered:
D:1:      tarquinn_simple_flora_water_b, layout_loops_ring
D:2:      layout_loops_ring, lemuel_doored_altar, overflow_temple_1_default,
          chequers_ecumenical_altar_simple_redux, kennysheep_donut,
          kennysheep_okawaru_gauntlet
D:3:      corexii_shack_village, layout_basic, lemuel_coloured_pillars_altar,
          lemuel_crystal_altar, kennysheep_boxes, uniq_terence, uniq_jessica

Skill      XL: |  1  2 |
---------------+-------+-----
Axes           | 3 |  3.7
Dodging        | 1 |  1.2
Fighting       | 4 |  4.0
Invocations    | 3 |  3.0
Armour         | |  2.5

Action                   || total
-------------------------++-------
Melee: Hand axe          ||    40
Invok: Depart the Abyss  ||     1
  Use: Potion            ||     1
Armor: Leather armour    ||     9
Dodge: Dodged            ||    26

Table legend: (Time is in decaauts)
 A = Elapsed time spent in this place.
 B = Non-inter-level travel time spent in this place.
 C = Inter-level travel time spent in this place.
 D = Time resting spent in this place.
 E = Time spent auto-exploring this place.
 F = Levels seen in this place.
 G = Mean time per level.
                   A        B        C        D        E       F      G
               +--------+--------+--------+--------+--------+-----+--------+
         Total |    404 |    394 |     10 |      0 |    318 |   4 |  101.0 |
       Dungeon |    305 |    295 |     10 |      0 |    223 |   3 |  101.7 |
         Abyss |     99 |     99 |      0 |      0 |     95 |   1 |   99.0 |
               +--------+--------+--------+--------+--------+-----+--------+

Top non-repeatable levels by time:
     D:3: 120 daAuts
 Abyss:1: 99 daAuts
     D:1: 96 daAuts
     D:2: 88 daAuts
